 Dungeon Crawl Stone Soup version 0.16.1-16-gc44b35d (webtiles) character file.

471 Chiseanne the Covert (level 6, -1/30 HPs)
             Began as a Spriggan Assassin on Apr 28, 2015.
             Slain by an orc
             ... wielding a +0 trident
              (5 damage)
             ... on level 4 of the Dungeon.
             The game lasted 00:15:35 (6038 turns).

Chiseanne the Covert (Spriggan Assassin)            Turns: 6038, Time: 00:15:35

Health: -1/30      AC:  5    Str:  7    XL:     6   Next: 83%
Magic:  12/12      EV: 17    Int: 13    God:
Gold:   233        SH:  0    Dex: 19    Spells: 0 memorised, 5 levels left

rFire  . . .     SeeInvis +     a - +2 dagger
rCold  . . .     Clarity  +     y - +0 robe
rNeg   . . .     SustAb   .     (shield restricted)
rPois  .         Gourm    .     (helmet restricted)
rElec  .         Spirit   .     d - +1 cloak
rCorr  .         Warding  .     (gloves unavailable)
rMut   .         Stasis   .     (boots unavailable)
MR     +....                    l - amulet of clarity
Stlth  ++++++....               (no ring)
                                h - +1 ring of protection

@: very quick, somewhat resistant to hostile enchantments, very stealthy
A: unfitting armour, see invisible, herbivore 3, speed 3, slow metabolism 2
a: no special abilities


You were on level 4 of the Dungeon.
You were not hungry.

You visited 2 branches of the dungeon, and saw 5 of its levels.

You collected 233 gold pieces.

Inventory:

Hand weapons
 a - a +2 dagger (weapon)
 s - a +3 quarterstaff of chaos
 w - a +0 blowgun
Missiles
 f - 14 arrows of frost
 m - 38 sling bullets
 v - 44 arrows
Armour
 d - a +1 cloak (worn)
 y - a +0 robe (worn)
Jewellery
 h - a +1 ring of protection (left hand)
 l - an amulet of clarity (around neck)
Magical devices
 A - a wand of frost (11)
Scrolls
 i - 2 scrolls of remove curse
 p - a scroll of recharging
 r - 2 scrolls of enchant armour
 z - a scroll of teleportation
Potions
 b - a potion of cure mutation
 c - 2 potions of resistance {unknown}
 j - 3 potions of restore abilities
 k - a potion of agility
 n - a potion of lignification
 q - a potion of haste {unknown}
 t - a potion of ambrosia {unknown}
 u - a potion of mutation {unknown}
 x - a potion of berserk rage {unknown}
Comestibles
 g - 3 bread rations


   Skills:
 - Level 1.5 Fighting
 - Level 2.1 Short Blades
 - Level 2.1 Throwing
 - Level 1.5 Dodging
 * Level 12.2 Stealth


You had 5 spell levels left.
You didn't know any spells.

Dungeon Overview and Level Annotations

Branches:
Dungeon (4/15)             Temple (1/1) D:4

Altars:
Cheibriados
Dithmenos
Elyvilon
Fedhas
Kikubaaqudgha
Makhleb
Nemelex Xobeh
Okawaru
Trog
Xom
Yredelemnul
The Shining One

Annotations:
D:3 vladlight's ghost, average MfSk
D:4 CcS's ghost, average SpIE


Innate Abilities, Weirdness & Mutations

You are tiny and cannot use many weapons and most armour.
You have supernaturally acute eyesight.
You are a herbivore.
You cover ground extremely quickly.
You need consume almost no food.


Message History

You hit the orc wizard but do no damage.
The orc wizard is severely wounded.
The orc wizard hits you with a dagger.
The orc hits you from afar with a trident.
You closely miss the orc wizard.
The orc wizard is severely wounded.
The orc wizard closely misses you.
You hit the orc wizard but do no damage.
The orc wizard is severely wounded.
The orc hits you from afar with a trident.
The orc wizard gestures at you while chanting.
The puff of flame hits you!
* * * LOW HITPOINT WARNING * * *
You miss the orc wizard.
The orc wizard is severely wounded.
The orc misses you. The orc wizard misses you.
You hit the orc wizard.
The orc wizard is severely wounded.
The orc hits you from afar with a trident.
You die...

..#.........................#'###
#+#....................###'##..#.
#.###....##'##'####'####.......#.
#...#....+......#......'.......'.
#...#....#......#.....##..###.###
'...#....#......'.....##..###'###
#..Y#....#..##o.##....##...#..#..
#...'....#..##(o##'#####...'..'..
#...#Y...##'##()@)....##..##..##.
#...###.....<#...)....##..##..##.
......#......#...................
......'......'...................
####'##......##'###...###########
..................#...###########
..................#......#.......
..................#......'.......
..................#......#......#


You could see an orc wizard and an orc.

Vanquished Creatures
  A scorpion (D:4)
  2 hounds
  Crazy Yiuf (D:2)
  2 orc wizards (D:4)
  2 iguanas (D:4)
  8 adders
  4 gnolls (D:3)
  2 worms
  2 giant geckos
  2 oozes
  11 orcs
  8 bats
  3 giant cockroaches
  8 hobgoblins
  A quokka (D:3)
  A ball python (D:3)
  7 giant newts
  13 goblins
  13 jackals
  10 kobolds
  9 rats
110 creatures vanquished.

Notes
Turn   | Place    | Note
--------------------------------------------------------------
     0 | D:1      | Chiseanne, the Spriggan Assassin, began the quest for the Orb.
     0 | D:1      | Reached XP level 1. HP: 10/10 MP: 2/2
    19 | D:1      | Reached skill level 6 in Stealth
   329 | D:1      | Reached XP level 2. HP: 14/14 MP: 4/4
   484 | D:1      | Reached skill level 7 in Stealth
  1093 | D:2      | Reached XP level 3. HP: 15/18 MP: 6/6
  1430 | D:2      | Reached skill level 8 in Stealth
  2169 | D:2      | Noticed Crazy Yiuf
  2206 | D:2      | Killed Crazy Yiuf
  2206 | D:2      | Reached skill level 9 in Stealth
  2206 | D:2      | Reached XP level 4. HP: 22/22 MP: 8/8
  2538 | D:3      | Noticed vladlight's ghost (average MfSk)
  2880 | D:3      | Reached XP level 5. HP: 13/25 MP: 10/10
  3039 | D:3      | Reached skill level 10 in Stealth
  4164 | D:4      | Reached skill level 11 in Stealth
  4164 | D:4      | Reached XP level 6. HP: 9/30 MP: 12/12
  4508 | D:4      | Noticed CcS's ghost (average SpIE)
  4904 | D:4      | Found a basalt altar of Yredelemnul.
  4908 | D:4      | Noticed a sky beast
  5140 | D:4      | Noticed an ice beast
  5613 | D:4      | Found a staircase to the Ecumenical Temple.
  5619 | Temple   | Entered the Ecumenical Temple
  6014 | D:4      | Reached skill level 12 in Stealth
  6038 | D:4      | Slain by an orc

Action                   |  1- 3 |  4- 6 || total
-------------------------+-------+-------++-------
Melee: Dagger            |   131 |   170 ||   301
 Fire: Blowgun           |    16 |    55 ||    71
Evoke: Wand              |       |     5 ||     5
  Use: Scroll            |     4 |     9 ||    13
 Stab: Sleeping          |    12 |    17 ||    29
       Distracted        |     1 |       ||     1
  Eat: Pizza             |       |     2 ||     2
